 Dungeon Crawl Stone Soup version 0.30-a0-534-gdc55766716 (webtiles) character file.

Game seed: 1574093565819377561

9 drugrobin the Sneak (level 1, 0/18 HPs)
             Began as a Demigod Delver on Dec 24, 2022.
             Slain by a gnoll
             ... wielding a +0 flail
              (3 damage)
             ... on level 5 of the Dungeon.
             The game lasted 00:00:53 (67 turns).

drugrobin the Sneak (Demigod Delver)                  Turns: 67, Time: 00:00:54

Health: 0/18       AC:  3    Str: 13    XL:     1   Next: 93%
Magic:  3/3        EV: 11    Int: 12    God:
Gold:   0          SH:  0    Dex: 15    Spells: 0/0 levels left

rFire   . . .      SeeInvis .      - Unarmed
rCold   . . .      Faith    .    (no shield)
rNeg    . . .      Spirit   .    a - +0 leather armour
rPois   .          Reflect  .    (no helmet)
rElec   .          Harm     .    (no cloak)
rCorr   .          Rampage  .    (no gloves)
Will    .....                    (no boots)
Stlth   +++                      (no amulet)
HPRegen 0.23/turn                (no ring)
MPRegen 0.08/turn                (no ring)

@: no status effects
A: high MP 1, forlorn, divine attributes
a: no special abilities


You were on level 5 of the Dungeon.
You visited 1 branch of the dungeon, and saw 2 of its levels.

Inventory:

Armour
 a - a +0 leather armour (worn)
Wands
 f - a wand of digging (3)
Scrolls
 b - a scroll of fog
 d - a scroll of fear
Potions
 e - a potion of haste


   Skills:
 - Level 2.6 Fighting
 - Level 1.7 Dodging
 - Level 4.5 Stealth
 + Level 2.5 Unarmed Combat


You couldn't memorise any spells.
You didn't know any spells.
Your spell library was empty.

Dungeon Overview and Level Annotations

Branches:
Dungeon (5/15)             Temple (0/1) D:5

Portals:
Ossuary: D:5


Innate Abilities, Weirdness & Mutations

You have an increased reservoir of magic. (+10% MP)
You shall have no god before yourself.
Your divine heritage dramatically boosts your attributes as you level up.


Message History

Unknown command.
Unknown command.
You hit the gnoll but do no damage.
The gnoll is severely wounded.
The gnoll barely misses you.
Unknown command.
Unknown command.
You barely miss the gnoll.
The gnoll is severely wounded.
The gnoll closely misses you.
Unknown command.
Unknown command.
You closely miss the gnoll.
The gnoll is severely wounded.
The gnoll misses you.
Unknown command.
Unknown command.
You hit the gnoll.
The gnoll is almost dead.
The gnoll hits you but does no damage.
Unknown command.
Unknown command.
You hit the gnoll.
You kill the gnoll!
Your Unarmed Combat skill increases to level 2!
Unknown command.
Unknown command.
A hound and a goblin come into view.
A goblin comes into view. It is wielding a +0 club.
The hound barks!
The goblin shouts!
There is a stone staircase leading down, spattered with blood here.
The hound bites you.
* * * LOW HITPOINT WARNING * * *
You climb downwards.
You hear the hiss of flowing sand.
There is an entrance to an ossuary on this level.
Hurry and find it before the portal is buried!
You hear the slow hiss of an avalanche of sand very nearby.
The gnoll hits you with a +0 flail.
You die...

*,* ####.# ##...## #.*
#8>8.## #...... #.#
*#....###.#.... ###.#
**#...##.#.... #...#
#.#...>#.... #...#
#.####.###.#
******#####...########.#
#...,..
,,,,,,..........g......#
###....
******#........g@#######
*.... *,,,,........####
*,... *,***...#....#
**### *,*,,8....g..#
*,*,,.....####
*,*8,∩.8g.* *,*,,....,*
*,,,,8..,,* *****#..,**


You could see 2 gnolls.

Vanquished Creatures
  A gnoll (D:4)
1 creature vanquished.

Notes
Turn   | Place    | Note
-------+----------+-------------------------------------------
     0 | D:5      | drugrobin the Demigod Delver began the quest for the Orb.
     0 | D:5      | Reached XP level 1. HP: 18/18 MP: 3/3
    31 | D:5      | Found a sand-covered staircase.
    59 | D:4      | Noticed a hound
    67 | D:5      | Slain by a gnoll

Illustrated notes

Levels and vault maps discovered:
D:4:      layout_rooms, nicolae_uskayaw_suspiria, kennysheep_path_1,
          due_unseen_surprise, uniq_duvessa, uniq_sigmund
D:5:      layout_basic, lemuel_round_altar, temple_statues,
          nicolae_ossuary_entry_monument, kennysheep_generic_room_11

Skill      XL: |  1 |
---------------+----+-----
Unarmed Combat | 2 |  2.5
Fighting       | |  2.6
Dodging        | |  1.7
Stealth        | |  4.5

Action                   || total
-------------------------++-------
Melee: Unarmed           ||    13
  Use: Scroll            ||     1
Armor: Leather armour    ||     2
Dodge: Dodged            ||     8

Table legend: (Time is in decaauts)
 A = Elapsed time spent in this place.
 B = Non-inter-level travel time spent in this place.
 C = Inter-level travel time spent in this place.
 D = Time resting spent in this place.
 E = Time spent auto-exploring this place.
 F = Levels seen in this place.
 G = Mean time per level.
                   A        B        C        D        E       F      G
               +--------+--------+--------+--------+--------+-----+--------+
         Total |     67 |     67 |      0 |      0 |      0 |   2 |   33.5 |
       Dungeon |     67 |     67 |      0 |      0 |      0 |   2 |   33.5 |
               +--------+--------+--------+--------+--------+-----+--------+

Top non-repeatable levels by time:
     D:5: 40 daAuts
     D:4: 26 daAuts
